Map: Catalyst LE

Players

Patience - Winner!

  • Race: Protoss Protoss
  • Spawn Location: 11:00

TLO

  • Race: Zerg Zerg
  • Spawn Location: 5:00

Event: IEM Season 12 - Katowice

VOD

Have the link to the VOD?

Description

Time

  • Played on: Feb. 27, 2018, 9:06 a.m.
  • Length: 11:20

All games in this series

Show
View Real Time Build Order
Export as new Build Order

Patience Protoss - Winner!

Build Orders: 1 Gate Expand, Oracle Opening, Archon Immortal, Zealot Archon, Archon Drop 

Get SALT Encoding   

  12  0:00  Probe  
  13  0:13  Probe  
  14  0:17  Pylon  
  14  0:25  Probe (Chrono Boost)  
  15  0:37  Probe (Chrono Boost)  
  16  0:45  Probe (Chrono Boost), Gateway  
  17  0:51  Probe  
  17  0:55  Assimilator  
  18  1:03  Probe  
  19  1:15  Probe  
  20  1:27  Nexus  
  20  1:38  Cybernetics Core  
  20  1:40  Probe  
  21  1:47  Assimilator  
  21  1:52  Probe  
  22  1:56  Pylon  
  22  2:04  Probe  
  23  2:13  Adept (Chrono Boost)  
  25  2:16  Probe  
  25  2:21  Stargate  
  26  2:28  Probe  
  27  2:31  Warp Gate  
  27  2:36  Adept (Chrono Boost)  
  29  2:40  Probe  
  30  2:45  Probe  
  31  2:51  Pylon  
  31  2:52  Probe  
  31  2:55  Adept (Chrono Boost)  
  34  3:04  Probe  
  34  3:05  Oracle (Chrono Boost)  
  36  3:08  Probe  
  39  3:17  Probe  
  40  3:20  Adept  
  40  3:21  Probe  
  43  3:36  Oracle (Chrono Boost)  
  44  3:45  Probe, Pylon  
  44  3:46  Probe  
  46  3:56  Pylon, Gateway x2  
  46  4:14  Probe  
  46  4:15  Probe  
  48  4:21  Assimilator  
  48  4:23  Assimilator  
  48  4:27  Probe  
  48  4:28  Robotics Facility  
  48  4:30  Twilight Council  
  47  4:31  Probe  
  47  4:38  Phoenix (Chrono Boost)  
  50  4:39  Probe  
  50  4:44  Probe, Pylon  
  52  4:51  Probe  
  53  4:55  Adept  
  53  4:56  Probe  
  53  4:57  Adept x2  
  60  5:03  Probe  
  61  5:08  Probe  
  61  5:12  Pylon, Warp Prism (Chrono Boost)  
  62  5:16  Templar Archives  
  62  5:19  Gateway  
  64  5:24  Charge  
  58  5:46  Immortal (Chrono Boost)  
  60  5:53  Gateway  
  60  5:54  Gateway  
  60  5:56  Gateway  
  60  5:57  Gateway  
  60  6:10  High Templar x2  
  64  6:14  Archon  
  64  6:15  High Templar  
  66  6:21  High Templar  
  68  6:26  Archon  
  68  6:28  Forge  
  68  6:30  Pylon  
  68  6:33  Immortal (Chrono Boost)  
  68  7:02  Immortal (Chrono Boost)  
  68  7:03  Zealot x4  
  68  7:06  Probe x2  
  68  7:08  Protoss Ground Weapons Level 1  
  82  7:17  Pylon  
  82  7:18  Nexus  
  82  7:23  Zealot x3, High Templar x2  
  82  7:24  Zealot  
  94  7:30  Pylon, Archon  
  94  7:33  Pylon  
  94  7:34  Immortal (Chrono Boost)  
  98  7:42  Zealot  
  100  7:48  Zealot x4  
  98  7:52  Zealot  
  88  8:06  Immortal (Chrono Boost)  
  92  8:14  High Templar x2  
  92  8:15  Zealot x4, Sentry  
  106  8:20  Zealot  
  106  8:21  Archon  
  88  8:50  Zealot x5  
  88  8:51  Zealot, High Templar x2  
  104  8:58  Archon  
  104  8:59  Probe x2  
  104  9:00  Probe  
  104  9:01  Pylon  
  107  9:03  Immortal (Chrono Boost)  
  108  9:10  Protoss Ground Weapons Level 2 (Chrono Boost)  
  108  9:13  Probe x3  
  108  9:16  Assimilator x2  
  111  9:25  Probe  
  112  9:36  Zealot x2, High Templar x2  
  112  9:37  Zealot x3  
  126  9:39  Zealot  
  126  9:42  Archon  
  128  9:53  Pylon  
  128  9:56  Pylon  
  128  10:11  Zealot  
  128  10:12  Zealot x7  
  144  10:15  Observer  
  145  10:35  Zealot x2  
  145  10:36  Zealot x4  
  145  10:41  Pylon  
  155  10:44  Pylon  
  139  10:56  Zealot  
  139  10:57  Zealot x6  
  119  11:01  Zealot  
Show
View Real Time Build Order
Export as new Build Order

TLO Zerg 

Build Orders: Hatch First 

Get SALT Encoding   

  12  0:00  Drone  
  13  0:13  Overlord  
  13  0:17  Drone  
  14  0:31  Drone x2  
  16  0:48  Drone  
  16  0:49  Drone  
  18  0:58  Hatchery  
  18  0:59  Drone  
  18  1:03  Extractor  
  17  1:15  Spawning Pool  
  17  1:18  Drone  
  17  1:21  Drone  
  18  1:29  Drone  
  19  1:39  Overlord  
  19  1:52  Drone  
  20  2:01  Queen  
  20  2:05  Metabolic Boost  
  22  2:09  Zergling x2  
  22  2:10  Queen  
  26  2:15  Drone  
  26  2:16  Drone  
  27  2:24  Zergling x2  
  27  2:25  Zergling x2  
  29  2:36  Drone  
  30  2:37  Overlord  
  30  2:46  Hatchery  
  30  2:48  Drone  
  30  2:50  Drone  
  31  2:53  Drone  
  32  2:59  Queen  
  34  3:09  Drone  
  34  3:12  Zergling x4  
  37  3:15  Overlord  
  37  3:16  Drone  
  37  3:17  Drone  
  40  3:20  Drone  
  40  3:26  Drone  
  41  3:27  Drone x2  
  41  3:33  Drone  
  42  3:35  Drone  
  43  3:43  Spore Crawler  
  43  3:44  Spore Crawler  
  41  3:51  Spore Crawler, Drone  
  41  3:52  Drone  
  41  3:54  Drone  
  43  3:57  Drone  
  43  4:00  Zergling x2  
  45  4:08  Queen  
  45  4:09  Drone x2  
  47  4:10  Drone  
  47  4:12  Drone  
  47  4:13  Drone  
  47  4:15  Drone  
  51  4:18  Drone  
  51  4:24  Extractor  
  51  4:25  Drone  
  51  4:26  Drone, Roach Warren  
  51  4:29  Drone, Extractor  
  51  4:30  Drone  
  52  4:36  Queen  
  52  4:38  Drone  
  52  4:39  Drone  
  52  4:42  Drone  
  52  4:43  Drone  
  55  4:46  Drone  
  55  4:47  Drone  
  55  4:51  Lair  
  57  4:54  Overlord  
  57  4:57  Drone  
  58  5:00  Overlord  
  58  5:04  Overlord  
  58  5:06  Overlord  
  58  5:12  Zergling x2  
  58  5:13  Zergling x8  
  63  5:17  Zergling x2  
  63  5:18  Zergling x2  
  63  5:19  Zergling x2  
  67  5:21  Zergling x2  
  67  5:22  Zergling x2  
  67  5:23  Zergling x2  
  67  5:25  Zergling x2  
  70  5:32  Drone  
  70  5:34  Drone x2  
  70  5:35  Drone  
  68  5:36  Drone  
  68  5:40  Drone x2  
  69  5:45  Drone  
  69  5:47  Roach x3  
  69  5:48  Roach  
  77  5:53  Roach x2  
  77  5:55  Overseer, Glial Reconstitution  
  81  6:04  Overlord x2  
  81  6:08  Overlord  
  81  6:11  Overlord  
  81  6:16  Overlord  
  80  6:20  Roach  
  80  6:23  Overlord  
  80  6:24  Drone x2  
  80  6:25  Roach x3  
  90  6:29  Roach x2, Drone  
  90  6:31  Roach, Queen, Ravager x3  
  102  6:33  Extractor  
  102  6:34  Roach  
  102  6:36  Roach  
  102  6:38  Roach  
  106  6:40  Roach  
  106  6:43  Roach  
  106  6:44  Roach  
  104  6:51  Roach x2  
  101  6:54  Roach  
  101  7:00  Roach  
  103  7:06  Queen, Zergling x12  
  111  7:08  Roach  
  115  7:15  Roach  
  115  7:16  Queen  
  115  7:19  Roach  
  115  7:20  Roach  
  119  7:27  Roach x2  
  119  7:28  Roach  
  125  7:31  Roach, Queen  
  128  7:44  Roach  
  128  7:46  Roach  
  128  7:51  Roach  
  124  7:52  Roach  
  124  7:55  Roach  
  124  7:56  Roach, Zergling x2  
  103  7:59  Roach x2  
  103  8:00  Roach  
  103  8:02  Roach  
  97  8:07  Roach  
  97  8:09  Queen, Ravager  
  97  8:10  Roach  
  104  8:13  Drone  
  104  8:14  Ravager  
  104  8:17  Roach  
  108  8:22  Roach  
  108  8:23  Roach  
  108  8:24  Queen x2  
  116  8:27  Roach  
  116  8:32  Zergling x2  
  113  8:35  Zergling x2  
  113  8:38  Zergling x2  
  113  8:39  Zergling x2  
  115  8:41  Zergling x2  
  115  8:43  Zergling x4  
  115  8:46  Zergling x4  
  115  8:47  Roach x2  
  115  8:48  Roach  
  117  8:53  Roach x2  
  119  8:56  Ravager x2  
  119  8:58  Ravager  
  119  8:59  Overlord  
  122  9:03  Overlord x2  
  122  9:07  Overlord  
  122  9:08  Overlord  
  122  9:10  Extractor  
  122  9:13  Overlord  
  122  9:16  Ravager  
  122  9:24  Roach  
  122  9:25  Roach  
  122  9:26  Roach x2  
  122  9:27  Roach x3  
  122  9:31  Roach  
  135  9:35  Ravager  
  135  9:36  Roach  
  135  9:38  Roach  
  140  9:41  Roach  
  140  9:44  Drone x2  
  140  9:45  Drone x2, Extractor  
  145  9:50  Baneling Nest  
  145  9:51  Zergling x4  
  145  9:52  Zergling x2  
  147  10:01  Overlord  
  147  10:02  Evolution Chamber  
  147  10:04  Ravager x2  
  147  10:06  Roach x2  
  152  10:09  Roach  
  152  10:11  Roach  
  158  10:14  Roach  
  158  10:16  Overlord  
  158  10:22  Ravager x2  
  160  10:34  Baneling x6  
  160  10:36  Zergling x8  
  160  10:38  Roach  
  160  10:40  Roach  
  168  10:48  Roach  
  150  10:50  Roach  
  150  10:51  Roach  
  150  10:54  Roach  
  130  11:01  Roach  

Tags
 
Add a new tag
Caveats
  • Supply blocks, unpowered buildings, or Contaminate may cause inaccurate times.
  • Supply counts are checked every 10 seconds.